[Event "Titled Tuesday Blitz December 13 Late 2022"]
[White "Prieto Aranguren, Alain"]
[Black "Arbunic Castro, Giovanna"]
[WhiteFideId "2268906"]
[BlackFideId "3400549"]
[WhiteElo "2209"]
[BlackElo "1957"]
[Result "1-0"]
[Round "10"]
[TimeControl "180+1"]
[Date "2022.12.14"]
[WhiteClock "0:00:45"]
[BlackClock "0:00:06"]

1. e4 g6 2. h4 h5 3. Nh3 Bg7 4. Ng5 d6 5. Bc4 e6 6. Qf3 Nf6 7. d3 O-O 8. Nc3 c6 9. Bb3 d5 10. e5 Ng4 11. d4 c5 12. Nxd5 cxd4 13. Nf6+ Bxf6 14. exf6 Qxf6 15. Qg3 Nc6 16. O-O e5 17. Bd2 Be6 18. Bxe6 fxe6 19. Rae1 Rad8 20. Qb3 Rd6 21. Qxb7 Qe7 22. Qxe7 Nxe7 23. f3 Ne3 24. Bxe3 dxe3 25. Rxe3 Rf5 26. Rfe1 Rc6 27. c3 Rc5 28. Rd1 Rd5 29. Red3 Rxd3 30. Rxd3 Nd5 31. Nxe6 Nf4 32. Nxf4 exf4 33. Rd8+ Kg7 34. Rd7+ Kf6 35. Rxa7 Rb5 36. b4 Ke5 37. Ra5 Rxa5 38. bxa5 Kd5 39. g3 fxg3 40. Kg2 Kc5 41. Kxg3 Kb5 42. Kf4 Kxa5 43. Kg5 1-0


[Site "https://www.chess.com"]

[Event "Titled Tuesday Blitz December 13 Late 2022"]
[White "Przybylski, Wojciech"]
[Black "Vlassov, Nikolai"]
[WhiteFideId "1117599"]
[BlackFideId "4103360"]
[WhiteElo "2217"]
[BlackElo "2324"]
[Result "1/2-1/2"]
[Round "10"]
[TimeControl "180+1"]
[Date "2022.12.14"]
[WhiteClock "0:00:02"]
[BlackClock "0:00:04"]

1. e4 Nc6 2. d4 d5 3. e5 h5 4. h3 Bf5 5. c3 Qd7 6. Ne2 O-O-O 7. Ng3 Bg6 8. h4 f6 9. f4 fxe5 10. fxe5 Nh6 11. Bxh6 Rxh6 12. Nd2 e6 13. Be2 Qe8 14. Bf3 Ne7 15. Ndf1 Nf5 16. Nxf5 Bxf5 17. Ne3 Bh7 18. Qe2 c5 19. O-O Be7 20. g3 g5 21. Qf2 gxh4 22. gxh4 cxd4 23. cxd4 Qa4 24. Ng2 Rg8 25. Rac1+ Kb8 26. Qd2 Rhg6 27. Kh2 Rg3 28. Qf4 Bf5 29. Qxg3 Rxg3 30. Kxg3 Qxd4 31. Rfe1 Qxb2 32. Bxh5 Qxa2 33. Bf3 Qb3 34. Re3 Qb2 35. Rec3 a5 36. Ne3 a4 37. Nxf5 exf5 38. Bxd5 a3 39. Rc8+ Ka7 40. R1c7 a2 41. Bxa2 Qxa2 42. Rxe7 Qa3+ 43. Kf4 Qxe7 44. Rg8 Qxh4+ 45. Kxf5 Qh7+ 46. Rg6 Qh5+ 47. Kf6 Qf3+ 48. Kg5 Qe3+ 49. Kf5 Qd3+ 50. Kf6 Qd4 51. Rg7 Ka6 52. Re7 b5 53. Re6+ Ka5 54. Rd6 Qf4+ 55. Ke6 b4 56. Rd5+ Ka4 57. Kd7 Qf7+ 58. Kd6 Qf8+ 59. Kd7 Qg7+ 60. Kd6 Qf8+ 61. Kd7 b3 62. e6 b2 63. e7 Qxe7+ 64. Kxe7 b1=Q 65. Rd7 Qe4+ 66. Kd8 Kb5 67. Kc7 Qc6+ 68. Kd8 Qe6 69. Kc7 Kc5 70. Kd8 Kc6 71. Rc7+ Kb6 72. Rd7 Qg8+ 73. Ke7 Kc6 74. Rd6+ Kc5 75. Re6 Qg7+ 76. Ke8 Kd5 77. Re7 Qf6 78. Kd7 Qd6+ 79. Ke8 Qb8+ 80. Kf7 Qf4+ 81. Ke8 Kd6 82. Rd7+ Kc6 83. Re7 Qf6 84. Rf7 Qg6 85. Ke7 Qd6+ 86. Ke8 Kb6 87. Re7 Qc6+ 88. Kf7 Qf3+ 89. Ke8 Kc6 90. Re6+ Kd5 91. Re7 Qf6 92. Kd7 Qc6+ 93. Kd8 Qa8+ 94. Kd7 Qb7+ 95. Kd8 Qb6+ 96. Kd7 Qc6+ 97. Kd8 Qf6 98. Kd7 1/2-1/2


[Site "https://www.chess.com"]

[Event "Titled Tuesday Blitz December 13 Late 2022"]
[White "Radovanovic, Dusan"]
[Black "Nasuta, Grzegorz"]
[WhiteFideId "926868"]
[BlackFideId "1141686"]
[WhiteElo "2337"]
[BlackElo "2441"]
[Result "0-1"]
[Round "10"]
[TimeControl "180+1"]
[Date "2022.12.13"]
[WhiteClock "0:00:12"]
[BlackClock "0:00:07"]

1. e4 c5 2. Nf3 d6 3. d4 cxd4 4. Nxd4 Nf6 5. Nc3 a6 6. Rg1 e5 7. Nb3 Be6 8. g4 d5 9. exd5 Nxd5 10. Nxd5 Qxd5 11. Qxd5 Bxd5 12. Be3 Nc6 13. O-O-O O-O-O 14. Bb6 Rd7 15. g5 h6 16. Bh3 Be6 17. Bxe6 fxe6 18. Rxd7 Kxd7 19. g6 Be7 20. Rd1+ Kc8 21. Bc5 Rf8 22. Bxe7 Nxe7 23. Nc5 Rf6 24. Rd7 Nxg6 25. Rxg7 Nf8 26. Nxb7 Rxf2 27. Nc5 a5 28. a3 Kd8 29. b4 axb4 30. axb4 Rf4 31. c3 Rh4 32. Kc2 Rxh2+ 33. Kb3 e4 34. Nxe4 Nd7 35. c4 Nb6 36. c5 Rh3+ 37. Kc2 Nd5 38. b5 Re3 39. b6 Rxe4 40. Rg8+ Kd7 41. b7 Nb4+ 42. Kd2 Nc6 43. b8=Q Nxb8 44. Rxb8 Re5 45. Rh8 h5 46. Rh7+ Kc6 47. Rh6 Kxc5 48. Kd3 Kd5 49. Kd2 Rg5 50. Ke3 Rf5 51. Rh8 Ke5 52. Rh7 Kf6 53. Rh6+ Kf7 54. Ke4 Ra5 55. Ke3 Re5+ 56. Kf4 Rf5+ 57. Ke4 Ke7 58. Rh7+ Kd6 59. Rh6 Ra5 60. Rh7 h4 61. Ke3 Ra3+ 62. Ke4 Ra4+ 63. Ke3 h3 64. Rh5 Ra3+ 65. Ke4 Ra4+ 66. Ke3 e5 67. Rh8 Kd5 68. Rd8+ Ke6 69. Rh8 Kf6 70. Rh5 Ra3+ 71. Ke4 Ra4+ 72. Ke3 Kg6 73. Rh8 Kg5 74. Rg8+ Kh4 75. Rh8+ Kg3 76. Rg8+ Rg4 77. Rh8 h2 78. Ke2 Kg2 0-1


[Site "https://www.chess.com"]

[Event "Titled Tuesday Blitz December 13 Late 2022"]
[White "Remizov, Yaroslav"]
[Black "Goryachkina, Aleksandra"]
[WhiteFideId "34134015"]
[BlackFideId "4147103"]
[WhiteElo "2415"]
[BlackElo "2484"]
[Result "1-0"]
[Round "10"]
[TimeControl "180+1"]
[Date "2022.12.13"]
[WhiteClock "0:00:08"]
[BlackClock "0:00:04"]

1. e4 e6 2. Nc3 d5 3. g3 Nf6 4. Bg2 dxe4 5. Nxe4 Nxe4 6. Bxe4 Nd7 7. Ne2 Nf6 8. Bg2 Be7 9. O-O O-O 10. d4 Rb8 11. c3 b6 12. Re1 Rb7 13. a4 a5 14. Nf4 Rb8 15. Qb3 Bb7 16. Bxb7 Rxb7 17. Bd2 Rb8 18. Re2 Bd6 19. Rae1 h6 20. h3 Bxf4 21. Bxf4 Qd7 22. Be5 Nd5 23. c4 Nb4 24. Qf3 Nc6 25. d5 Nxe5 26. Rxe5 exd5 27. cxd5 Qxa4 28. Qc3 Qd7 29. Kh2 Rbd8 30. R1e4 Qd6 31. Re7 Rd7 32. Rg4 g5 33. Rxd7 Qxd7 34. Rc4 Qxd5 35. Rxc7 Qf5 36. Qe3 b5 37. Rc5 Qd7 38. Qe2 Rb8 39. Qc2 a4 40. Rc7 Qe6 41. Rc6 Qb3 42. Qxb3 axb3 43. Rxh6 Rc8 44. Rb6 Rc2 45. Kg2 Rxb2 46. Rxb5 Kg7 47. Rxg5+ Kf6 48. Rb5 Ke6 49. h4 Kd6 50. h5 Kc6 51. Rb8 Kc7 52. h6 Kxb8 53. h7 Rc2 54. h8=Q+ Kb7 55. Qd4 Kc6 56. Qa4+ 1-0


[Site "https://www.chess.com"]

[Event "Titled Tuesday Blitz December 13 Late 2022"]
[White "Reprintsev, Alexander"]
[Black "Itkis, Boris"]
[WhiteFideId "14100541"]
[BlackFideId "1209167"]
[WhiteElo "2230"]
[BlackElo "2216"]
[Result "1-0"]
[Round "10"]
[TimeControl "180+1"]
[Date "2022.12.14"]
[WhiteClock "0:01:36"]
[BlackClock "0:01:56"]

1. Nc3 d5 2. d4 Nf6 3. Bf4 c5 4. e4 Nxe4 5. Nxe4 dxe4 6. dxc5 Qxd1+ 7. Rxd1 f5 8. f3 Nc6 9. fxe4 e5 10. Be3 fxe4 11. Ne2 Be6 12. Nc3 Nb4 13. Bb5+ Kf7 14. O-O+ Kg8 15. Rf2 a6 16. Bd7 Bxd7 17. Rxd7 Rc8 18. Nxe4 Nxa2 19. c3 a5 20. b4 1-0


[Site "https://www.chess.com"]

[Event "Titled Tuesday Blitz December 13 Late 2022"]
[White "Romero Ruscalleda, Josep"]
[Black "Fernandez Garcia, Gumersindo"]
[WhiteFideId "2231859"]
[BlackFideId "24516740"]
[WhiteElo "2183"]
[BlackElo "2140"]
[Result "0-1"]
[Round "10"]
[TimeControl "180+1"]
[Date "2022.12.14"]
[WhiteClock "0:00:48"]
[BlackClock "0:01:40"]

1. e4 e6 2. d4 a6 3. a4 Nf6 4. e5 Nd5 5. Nf3 d6 6. exd6 Bxd6 7. c3 b6 8. Bd3 Bb7 9. O-O Nd7 10. Nbd2 N7f6 11. Nc4 O-O 12. Nxd6 Qxd6 13. Bg5 h6 14. Bh4 c5 15. Bg3 Qe7 16. Re1 Rfd8 17. Qb3 Rac8 18. Rad1 Nh5 19. dxc5 bxc5 20. Be5 Ndf4 21. Bf1 Bxf3 22. gxf3 Rxd1 23. Rxd1 Qg5+ 24. Kh1 Qxe5 25. Qb7 Rf8 26. Bxa6 Qg5 27. Bf1 Qh4 28. Rd2 Rd8 29. Rd7 Rxd7 30. Qxd7 Qxf2 31. Qd1 Nd5 32. a5 Ne3 33. Qd8+ Kh7 34. Qd3+ f5 35. a6 Nxf1 0-1


[Site "https://www.chess.com"]

[Event "Titled Tuesday Blitz December 13 Late 2022"]
[White "Rorrer, Grayson"]
[Black "Banzea, Alexandru-Bogdan"]
[WhiteFideId "30944996"]
[BlackFideId "1232622"]
[WhiteElo "2200"]
[BlackElo "2294"]
[Result "1-0"]
[Round "10"]
[TimeControl "180+1"]
[Date "2022.12.13"]
[WhiteClock "0:02:16"]
[BlackClock "0:00:32"]

1. e4 c6 2. d4 d5 3. exd5 cxd5 4. Bd3 Nf6 5. h3 Nc6 6. c3 e5 7. dxe5 Nxe5 8. Nf3 Bd6 9. Nxe5 Bxe5 10. O-O O-O 11. Nd2 Re8 12. Nf3 Bc7 13. Be3 Be6 14. Bd4 Ne4 15. Qc2 Rc8 16. Rfe1 f5 17. Rad1 Bb8 18. Be5 Bxe5 19. Nxe5 Qd6 20. Nf3 Bd7 21. Nd4 a6 22. f3 Ng3 23. Nxf5 Bxf5 24. Bxf5 Rxe1+ 25. Rxe1 Rf8 26. Bxh7+ Kh8 27. Bd3 1-0


[Site "https://www.chess.com"]

[Event "Titled Tuesday Blitz December 13 Late 2022"]
[White "Rustemov, Alexander"]
[Black "Sjugirov, Sanan"]
[WhiteFideId "4119002"]
[BlackFideId "4189302"]
[WhiteElo "2784"]
[BlackElo "2613"]
[Result "1/2-1/2"]
[Round "10"]
[TimeControl "180+1"]
[Date "2022.12.13"]
[WhiteClock "0:01:09"]
[BlackClock "0:00:18"]

1. d4 Nf6 2. c4 e6 3. Nf3 d5 4. Nc3 c6 5. e3 Nbd7 6. Qc2 Bd6 7. b3 O-O 8. Be2 b6 9. O-O Bb7 10. Bb2 Re8 11. Rad1 Qc7 12. e4 dxe4 13. Nxe4 Nxe4 14. Qxe4 c5 15. Qh4 Be7 16. Qg3 Qxg3 17. hxg3 Rad8 18. Ne5 cxd4 19. Nxd7 Rxd7 20. Rxd4 Rxd4 21. Bxd4 Rd8 22. Rd1 Bc5 23. Bc3 Rxd1+ 24. Bxd1 a5 25. g4 Be4 26. Bb2 f6 27. Kf1 Bd3+ 28. Kg1 e5 29. g3 e4 30. Kg2 Kf7 31. Bc1 g5 32. a3 Ke6 33. Bb2 f5 34. gxf5+ Kxf5 35. g4+ Kf4 36. Bc1+ e3 37. b4 axb4 38. axb4 Bd4 39. c5 bxc5 40. bxc5 Be4+ 41. Kh3 Bxc5 42. Bxe3+ Bxe3 43. fxe3+ Kxe3 44. Kg3 Bd3 1/2-1/2


[Site "https://www.chess.com"]

[Event "Titled Tuesday Blitz December 13 Late 2022"]
[White "Santos Flores, Alberto"]
[Black "Yuan, Qingyu"]
[WhiteFideId "3601234"]
[BlackFideId "8609772"]
[WhiteElo "2235"]
[BlackElo "2359"]
[Result "0-1"]
[Round "10"]
[TimeControl "180+1"]
[Date "2022.12.13"]
[WhiteClock "0:00:04"]
[BlackClock "0:00:09"]

1. d4 Nf6 2. Nf3 d5 3. c4 e6 4. Nc3 c5 5. e3 Nc6 6. a3 dxc4 7. Bxc4 a6 8. O-O b5 9. Be2 Bb7 10. dxc5 Bxc5 11. Qxd8+ Rxd8 12. b4 Bd6 13. Bb2 Ne5 14. Nxe5 Bxe5 15. f4 Bc7 16. Rfd1 Bb6 17. Rxd8+ Kxd8 18. Kf2 Ke7 19. a4 Rd8 20. axb5 axb5 21. Rd1 Rc8 22. Bf3 Bc6 23. Bxc6 Rxc6 24. Kf3 Rc4 25. Nxb5 Nd5 26. Bd4 Rxb4 27. Bxb6 Rxb5 28. Bd4 f6 29. Rd2 Rb3 30. Rb2 Rxb2 31. Bxb2 Kf7 32. e4 Ne7 33. Bc3 Nc6 34. f5 g6 35. g4 gxf5 36. gxf5 e5 37. Ke3 Kg7 38. Kd3 Nd8 39. Kc4 Nf7 40. Bd2 Kf8 41. Kd5 Ke7 42. Bb4+ Kd7 43. Bf8 Ke8 44. Bc5 Kd7 45. h4 h5 46. Bb4 Nh6 47. Bf8 Ng4 48. Bb4 Ne3+ 49. Kc5 Ng2 50. Kd5 Nxh4 51. Be1 Nf3 52. Bf2 h4 0-1


[Site "https://www.chess.com"]

[Event "Titled Tuesday Blitz December 13 Late 2022"]
[White "Sarana, Alexey"]
[Black "Nakamura, Hikaru"]
[WhiteFideId "24133795"]
[BlackFideId "2016192"]
[WhiteElo "2708"]
[BlackElo "2909"]
[Result "0-1"]
[Round "10"]
[TimeControl "180+1"]
[Date "2022.12.13"]
[WhiteClock "0:00:06"]
[BlackClock "0:00:08"]

1. d4 d5 2. c4 e6 3. Nc3 c6 4. Nf3 Nf6 5. e3 Nbd7 6. Qc2 Bd6 7. Bd3 dxc4 8. Bxc4 b5 9. Be2 Bb7 10. O-O a6 11. e4 e5 12. dxe5 Nxe5 13. Nd4 g6 14. Bg5 h6 15. Bh4 c5 16. Ndxb5 axb5 17. Bxb5+ Kf8 18. f4 g5 19. fxe5 Bxe5 20. Bf2 Ng4 21. Bxc5+ Kg7 22. h3 Bd4+ 23. Bxd4+ Qxd4+ 24. Kh1 h5 25. Ne2 Nf2+ 26. Rxf2 Qxf2 27. Qc7 Rab8 28. Ng3 Qf4 29. Qc3+ f6 30. Rf1 Qe5 31. Nf5+ Kg6 32. Qxe5 fxe5 33. Ne7+ Kg7 34. Nf5+ Kh7 35. Nd6 Bxe4 36. Nxe4 Rxb5 37. b3 g4 38. hxg4 hxg4 39. Kh2 Rb4 40. Re1 Ra8 41. Re2 Kg6 42. Kg3 Rf8 43. Nd6 Kf6 44. Nc4 Re8 45. Kxg4 Rbb8 46. Kf3 Rbd8 47. Ke3 Rb8 48. Rd2 Ke6 49. Rd6+ Kf5 50. g4+ Kxg4 51. Ke4 Kg5 52. Rc6 Rbd8 53. Nxe5 Rd2 54. Rg6+ Kh5 55. Rg3 Re2+ 56. Re3 Rxe3+ 57. Kxe3 Rxe5+ 58. Kd4 Re1 59. Kc5 Kg6 60. b4 Kf7 61. Kc6 Ke7 62. b5 Rc1+ 63. Kb7 Kd7 64. a4 Ra1 65. b6 Rxa4 66. Kb8 Kc6 67. b7 Kb6 68. Kc8 Rc4+ 69. Kb8 Rc1 70. Ka8 Ra1+ 71. Kb8 Ra7 72. Kc8 Rxb7 73. Kd8 Rc7 0-1


[Site "https://www.chess.com"]

[Event "Titled Tuesday Blitz December 13 Late 2022"]
[White "Sargsyan, Anna M."]
[Black "Pakleza, Zbigniew"]
[WhiteFideId "13308130"]
[BlackFideId "1119290"]
[WhiteElo "2284"]
[BlackElo "2410"]
[Result "0-1"]
[Round "10"]
[TimeControl "180+1"]
[Date "2022.12.13"]
[WhiteClock "0:00:04"]
[BlackClock "0:00:04"]

1. d4 d6 2. e4 Nf6 3. Nc3 c6 4. Bd3 e5 5. Nge2 Nbd7 6. O-O Be7 7. f4 O-O 8. Kh1 Re8 9. Be3 Bf8 10. Qd2 b5 11. a3 Bb7 12. Rae1 a5 13. Ng3 exd4 14. Bxd4 b4 15. axb4 axb4 16. Nd1 c5 17. Bg1 Ra1 18. c3 Qa8 19. cxb4 Nxe4 20. Nxe4 Bxe4 21. Bxe4 Rxe4 22. Rxe4 Qxe4 23. Nc3 Qa8 24. Rxa1 Qxa1 25. bxc5 Nxc5 26. h3 h5 27. Kh2 Qf1 28. Nd5 Nd3 29. Bd4 h4 30. b4 Nc1 31. Qf2 Qc4 32. Nf6+ gxf6 33. Bxf6 Ne2 34. Bg5 f6 35. Bxf6 Qxf4+ 36. Qxf4 Nxf4 37. Bxh4 d5 38. Bf2 Nd3 39. Bd4 Nxb4 40. g4 Nc6 41. Bb2 Kf7 42. Kg3 Bg7 43. Bxg7 Kxg7 44. Kf4 Kf6 45. h4 Ne5 46. g5+ Ke6 47. h5 Nf7 48. g6 Nh6 49. Ke3 Ke5 50. Kd3 Nf5 51. g7 Nh6 52. Ke3 Ke6 53. Kd4 Kd6 54. Kd3 Ke5 55. Ke3 d4+ 56. Kd3 Kd5 57. Kd2 Ke4 58. Ke2 Ng8 59. Kd2 d3 60. Kd1 Ke3 61. Ke1 Ke4 62. Kd2 Kd4 63. Kd1 Ke3 64. Ke1 Ke4 65. Kd2 Nh6 66. Kd1 Ke3 67. Ke1 d2+ 68. Kd1 Ng4 69. g8=Q Nf2+ 70. Kc2 d1=Q+ 71. Kb2 Nd3+ 72. Ka2 Qc2+ 73. Ka3 Qb2+ 74. Ka4 Qb4# 0-1


[Site "https://www.chess.com"]

[Event "Titled Tuesday Blitz December 13 Late 2022"]
[White "Shapiro, Daniel"]
[Black "Hajiyev, Kanan"]
[WhiteFideId "2001780"]
[BlackFideId "13404148"]
[WhiteElo "2355"]
[BlackElo "2118"]
[Result "0-1"]
[Round "10"]
[TimeControl "180+1"]
[Date "2022.12.14"]
[WhiteClock "0:00:01"]
[BlackClock "0:00:03"]

1. d4 c6 2. c4 d5 3. Nf3 Nf6 4. Qb3 Qb6 5. Nc3 Bf5 6. c5 Qc7 7. Bf4 Qc8 8. h3 e6 9. e3 Be7 10. Rc1 O-O 11. Be2 Nbd7 12. O-O Ne4 13. Nxe4 Bxe4 14. Qc3 Bf6 15. b4 Re8 16. b5 Bxf3 17. Bxf3 cxb5 18. Bd6 Qc6 19. Qd3 Nb6 20. cxb6 Qxd6 21. bxa7 b4 22. Qb5 Qe7 23. Rc5 Rxa7 24. Rfc1 Rxa2 25. Qxb4 Raa8 26. Qb6 Rab8 27. Rc7 Qd8 28. Qb5 Re7 29. R7c3 g6 30. g3 h5 31. Kg2 Kg7 32. R1c2 Qd7 33. Qb6 Qd8 34. Rc7 Rxc7 35. Rxc7 e5 36. Qc5 e4 37. Be2 b6 38. Qc6 h4 39. Rd7 Qe8 40. Qxd5 b5 41. Bg4 hxg3 42. Be6 Kh6 43. Rxf7 gxf2 44. Rxf6 b4 45. Rxf2 Qe7 46. Qe5 Qg5+ 47. Qxg5+ Kxg5 48. Bb3 Rb6 49. Rf4 Ra6 50. Rxe4 Ra3 51. Bc4 Rc3 52. Bd5 Rc2+ 0-1


[Site "https://www.chess.com"]

[Event "Titled Tuesday Blitz December 13 Late 2022"]
[White "So, Wesley"]
[Black "Chigaev, Maksim"]
[WhiteFideId "5202213"]
[BlackFideId "4108116"]
[WhiteElo "2763"]
[BlackElo "2542"]
[Result "0-1"]
[Round "10"]
[TimeControl "180+1"]
[Date "2022.12.13"]
[WhiteClock "0:00:05"]
[BlackClock "0:00:08"]

1. e4 c5 2. Nf3 e6 3. g3 Nc6 4. Bg2 Nf6 5. Nc3 a6 6. O-O Qc7 7. Re1 d6 8. d4 cxd4 9. Nxd4 Nxd4 10. Qxd4 e5 11. Qd3 h6 12. a4 Be6 13. a5 Rc8 14. Bd2 Be7 15. Rec1 O-O 16. Na4 Nd7 17. b3 Bg5 18. h4 Bxd2 19. Qxd2 Rfd8 20. Qb4 Qc6 21. c4 Nc5 22. Rd1 Nxa4 23. Rxa4 Qc5 24. Qc3 h5 25. Bf3 g6 26. Kg2 Kg7 27. Ra2 b5 28. axb6 Qxb6 29. Rda1 Rb8 30. Bd1 Bc8 31. Rd2 Bb7 32. Bc2 f5 33. f3 fxe4 34. fxe4 Rf8 35. Rad1 Rf6 36. Rf1 Rxf1 37. Kxf1 Rf8+ 38. Kg2 Bc8 39. b4 a5 40. bxa5 Qc5 41. Qd3 Bg4 42. Qxd6 Rf2+ 43. Kg1 Qxd6 44. Rxd6 Rxc2 45. a6 Rxc4 46. Rd5 Ra4 47. Rxe5 Rxa6 48. Re8 Ra3 49. Kf2 Rf3+ 50. Kg2 Re3 51. Re5 Kf6 52. Re8 Re2+ 53. Kf1 Kf7 54. Re5 Rd2 55. Ra5 Rd4 56. Ra7+ Kf6 57. Ra6+ Be6 0-1


[Site "https://www.chess.com"]

[Event "Titled Tuesday Blitz December 13 Late 2022"]
[White "Stanisz, Patryk"]
[Black "Marchesich, Giovanni"]
[WhiteFideId "1123106"]
[BlackFideId "2824790"]
[WhiteElo "2069"]
[BlackElo "2200"]
[Result "0-1"]
[Round "10"]
[TimeControl "180+1"]
[Date "2022.12.14"]
[WhiteClock "0:00:02"]
[BlackClock "0:01:11"]

1. d4 g6 2. c4 f6 3. Nc3 Nh6 4. Nf3 Nf7 5. g3 Bg7 6. Bg2 O-O 7. O-O d6 8. b3 e5 9. Bb2 Nc6 10. e3 h6 11. a3 f5 12. dxe5 Nfxe5 13. Nxe5 Nxe5 14. Rb1 g5 15. Nd5 c6 16. Nb4 f4 17. Be4 Bg4 18. f3 Bh5 19. g4 Bf7 20. exf4 gxf4 21. Nd3 Qg5 22. Qe1 Rae8 23. Qf2 Nxg4 24. fxg4 Rxe4 25. Bxg7 Qxg7 26. Nxf4 Bxc4 27. Qg3 Bxf1 28. Rxf1 Qd4+ 29. Kg2 Rexf4 30. Rxf4 Qxf4 31. Qd3 Qf2+ 32. Kh1 Qf1+ 33. Qxf1 Rxf1+ 34. Kg2 Ra1 0-1


[Site "https://www.chess.com"]

[Event "Titled Tuesday Blitz December 13 Late 2022"]
[White "Steenbekkers, Franck"]
[Black "Rodriguez Santiago, Jaime"]
[WhiteFideId "1004220"]
[BlackFideId "3100898"]
[WhiteElo "1949"]
[BlackElo "2025"]
[Result "0-1"]
[Round "10"]
[TimeControl "180+1"]
[Date "2022.12.14"]
[WhiteClock "0:01:37"]
[BlackClock "0:01:46"]

1. e4 c6 2. c4 d5 3. cxd5 cxd5 4. exd5 Nf6 5. Nc3 g6 6. Bc4 Bg7 7. d3 O-O 8. Nge2 Nbd7 9. Qb3 Nb6 10. O-O Bd7 11. a4 Rc8 12. a5 Nxc4 13. dxc4 Bf5 14. Nd4 Bd3 15. Re1 Bxc4 16. Qxb7 Rc7 17. Qb4 Bxd5 18. Ndb5 Rc4 19. Qxe7 Qa8 20. Qxa7 Bxg2 21. Qxa8 Bxa8 22. Be3 Bf3 23. a6 Rg4+ 24. Kf1 Rg2 25. a7 Rxh2 26. a8=Q Rh1# 0-1


[Site "https://www.chess.com"]

[Event "Titled Tuesday Blitz December 13 Late 2022"]
[White "Svane, Frederik"]
[Black "Bortnyk, Olexandr"]
[WhiteFideId "12923044"]
[BlackFideId "14120828"]
[WhiteElo "2466"]
[BlackElo "2723"]
[Result "1-0"]
[Round "10"]
[TimeControl "180+1"]
[Date "2022.12.13"]
[WhiteClock "0:00:12"]
[BlackClock "0:00:01"]

1. c4 d6 2. Nc3 e5 3. g3 g6 4. Bg2 Bg7 5. e3 Nc6 6. Nge2 Bd7 7. d4 Qc8 8. h3 h5 9. b3 Nf6 10. Bb2 O-O 11. Nd5 exd4 12. Nxd4 Nxd5 13. cxd5 Nxd4 14. Bxd4 Re8 15. Bxg7 Kxg7 16. Qd4+ Kg8 17. Rc1 a5 18. g4 h4 19. O-O a4 20. b4 Bb5 21. Rfe1 Qd7 22. Rc3 Rec8 23. Rec1 Qe7 24. a3 Ra6 25. Qe4 Qd8 26. g5 Qxg5 27. Rxc7 Re8 28. Qd4 Be2 29. Kh2 b5 30. R1c6 Raa8 31. Rxd6 Rad8 32. Rf6 Rf8 33. d6 Bc4 34. d7 Be6 35. Bc6 Bf5 36. Bd5 Rxd7 37. Rxd7 Bxd7 38. Rxf7 Rxf7 39. Bxf7+ Kxf7 40. Qxd7+ Kf8 41. Qd6+ Kf7 42. Qd7+ Kf8 43. Qg4 Qd5 44. Qxh4 Kf7 45. Qf4+ Kg8 46. e4 Qa2 47. e5 Qxa3 48. e6 1-0


[Site "https://www.chess.com"]

[Event "Titled Tuesday Blitz December 13 Late 2022"]
[White "Thomforde-Toates, Noah"]
[Black "Topalov, Aleksandar"]
[WhiteFideId "30951992"]
[BlackFideId "925659"]
[WhiteElo "2598"]
[BlackElo "2151"]
[Result "1-0"]
[Round "10"]
[TimeControl "180+1"]
[Date "2022.12.13"]
[WhiteClock "0:00:50"]
[BlackClock "0:00:05"]

1. d4 Nf6 2. Nc3 d5 3. Bf4 Bf5 4. e3 c6 5. f3 h5 6. Bd3 Bxd3 7. Qxd3 Nbd7 8. Nge2 e6 9. a3 Qb6 10. O-O a6 11. b4 Qd8 12. e4 Be7 13. e5 Ng8 14. Rab1 b5 15. Nc1 Nh6 16. Nb3 Nf5 17. Nc5 Nxc5 18. bxc5 g5 19. Bd2 Qc7 20. a4 Kd7 21. g4 Nh4 22. Be1 Ng6 23. Bd2 Nf4 24. Bxf4 gxf4 25. axb5 axb5 26. Ne2 Bg5 27. Ra1 Qb7 28. h3 hxg4 29. hxg4 Rh3 30. Kg2 Rah8 31. Rh1 Rxh1 32. Rxh1 Rxh1 33. Kxh1 Qa6 34. Kg2 Qa1 35. Qh7 Qe1 36. Qxf7+ Be7 37. Nxf4 Qd2+ 38. Kh3 Qf2 39. Qxe6+ Kd8 40. Qg8+ Kd7 41. Ng2 Qxf3+ 42. Kh2 1-0


[Site "https://www.chess.com"]

[Event "Titled Tuesday Blitz December 13 Late 2022"]
[White "Timmermans, Mark"]
[Black "Jobava, Baadur"]
[WhiteFideId "1026399"]
[BlackFideId "13601520"]
[WhiteElo "2460"]
[BlackElo "2582"]
[Result "1-0"]
[Round "10"]
[TimeControl "180+1"]
[Date "2022.12.13"]
[WhiteClock "0:01:14"]
[BlackClock "0:01:02"]

1. b4 b6 2. Bb2 Bb7 3. b5 Nf6 4. c4 e6 5. e3 c5 6. a4 d5 7. Nf3 Nbd7 8. Be2 Bd6 9. O-O O-O 10. d4 Qe7 11. Nc3 Rfd8 12. Qb3 dxc4 13. Qxc4 Rac8 14. Qa2 cxd4 15. Nxd4 Bc5 16. Rfd1 h6 17. Rac1 Ne5 18. h3 Ng6 19. a5 Nh4 20. Nc6 Rxd1+ 21. Rxd1 Bxc6 22. bxc6 Ne8 23. Ne4 Rxc6 24. Qa4 Rc8 25. Nxc5 bxc5 26. Rd7 Qg5 27. Qg4 Rc7 28. Qxg5 hxg5 29. Rd8 c4 30. Rxe8+ Kh7 31. Bc3 Kg6 32. g3 Nf5 33. Rb8 Ne7 34. e4 f5 35. Rb4 fxe4 36. Rxc4 1-0


[Site "https://www.chess.com"]

[Event "Titled Tuesday Blitz December 13 Late 2022"]
[White "Vasquez Schroeder, Rodrigo"]
[Black "Martinez Alcantara, Jose Eduardo"]
[WhiteFideId "3400042"]
[BlackFideId "3805662"]
[WhiteElo "2603"]
[BlackElo "2707"]
[Result "1-0"]
[Round "10"]
[TimeControl "180+1"]
[Date "2022.12.13"]
[WhiteClock "0:00:26"]
[BlackClock "0:00:25"]

1. e4 Nc6 2. Nf3 d6 3. Bb5 Nf6 4. Qe2 Bd7 5. d4 e5 6. dxe5 Nxe5 7. Nxe5 dxe5 8. Bg5 Be7 9. Bxd7+ Qxd7 10. Nd2 O-O-O 11. O-O-O Qc6 12. Bxf6 Bxf6 13. Kb1 Kb8 14. c3 Qe6 15. Nc4 Be7 16. f3 Bg5 17. b3 a6 18. Rxd8+ Rxd8 19. Rd1 Rxd1+ 20. Qxd1 Qh6 21. h3 Qe6 22. Kc2 Bf4 23. Qd8+ Qc8 24. Qe7 Qe6 25. Qxe6 fxe6 26. Nb2 Bg3 27. Nd3 Kc8 28. c4 Kd7 29. c5 Kc6 30. Kc3 b5 31. cxb6 cxb6 32. a4 Kd6 33. Kc4 Kc6 34. Nb4+ Kb7 35. Nd3 Kc6 36. a5 bxa5 37. Nc5 Kd6 38. Nxa6 Bf2 39. Kb5 Ke7 40. Nb8 Kf6 41. Nd7+ Kg5 42. Nxe5 Bd4 43. Nd3 Kh4 44. Nf4 Bc3 45. Ne2 Bb4 46. Kc6 Kg5 47. Kd7 Kf6 48. f4 g5 49. fxg5+ Ke5 50. h4 Bd2 51. g3 Be1 52. h5 Bd2 53. g6 hxg6 54. hxg6 Kf6 55. g7 Kf7 56. g8=Q+ Kxg8 57. Kxe6 Kg7 58. Kf5 Kf7 59. e5 Ke7 60. Ke4 Kd7 61. Nd4 Kc7 62. Kd5 Kb6 63. g4 Kc7 64. g5 Kd7 65. g6 Ke7 66. Nf5+ Kf8 67. e6 Bb4 68. Ke5 Bc3+ 69. Kd6 Bb4+ 70. Kd7 Kg8 71. e7 Bc5 72. e8=Q+ Bf8 73. Qf7+ 1-0


[Site "https://www.chess.com"]

[Event "Titled Tuesday Blitz December 13 Late 2022"]
[White "Winkels, Marcel"]
[Black "Clawitter, Craig"]
[WhiteFideId "1003887"]
[BlackFideId "2023105"]
[WhiteElo "1900"]
[BlackElo "2205"]
[Result "0-1"]
[Round "10"]
[TimeControl "180+1"]
[Date "2022.12.14"]
[WhiteClock "0:00:14"]
[BlackClock "0:00:05"]

1. d4 e6 2. e4 d5 3. e5 c5 4. c3 Qb6 5. Nf3 Nc6 6. a3 Nh6 7. Bd3 cxd4 8. cxd4 Nf5 9. Bxf5 exf5 10. O-O Be7 11. Nc3 Be6 12. b4 Rc8 13. Bb2 O-O 14. Rc1 g5 15. Na4 Qd8 16. Nc5 b6 17. Nb3 f4 18. h3 Qd7 19. Nh2 Kh8 20. Qf3 Bf5 21. Rc3 a5 22. b5 Na7 23. a4 Rxc3 24. Qxc3 Rc8 25. Qf3 Be4 26. Qh5 Bg6 27. Qg4 Qxg4 28. Nxg4 Bc2 29. Rc1 Bxb3 30. e6 Rxc1+ 31. Bxc1 fxe6 32. Ne5 Kg8 33. Nc6 Nxc6 34. bxc6 Bd6 35. h4 h6 36. hxg5 hxg5 37. Ba3 Bc7 38. Be7 g4 39. Kf1 Kf7 40. Bg5 Bxa4 41. Ke2 Bxc6 42. Kd2 Bb5 43. Kc3 Bd6 44. Kb3 a4+ 45. Ka2 Bc4+ 46. Kb2 a3+ 47. Ka1 a2 48. Kb2 Kg6 49. Bd8 Kf5 50. Bxb6 Ke4 51. Ba5 Kxd4 52. Bc3+ Kd3 53. Bf6 e5 54. g3 fxg3 55. fxg3 Ke2 56. Bh4 Kf3 57. Ka1 e4 58. Bf6 Bxg3 59. Bd4 Bf4 60. Kb2 Be3 61. Ka1 Bxd4# 0-1


[Site "https://www.chess.com"]